 Dungeon Crawl Stone Soup version 0.17.1-3-g152610e (webtiles) character file.

38933 namelastname112 the Basher (level 13, -1/113 HPs)
             Began as a Demonspawn Berserker on Mar 19, 2016.
             Was the Champion of Trog.
             Slain by a death yak simulacrum (20 damage)
             ... in an ice cave.
             The game lasted 00:23:51 (13881 turns).

namelastname112 the Basher (Demonspawn Berserker)  Turns: 13881, Time: 00:23:51

Health: -1/113     AC: 20    Str: 19    XL:     13   Next: 66%
Magic:  18/18      EV: 10    Int: 11    God:    Trog [******]
Gold:   938        SH:  6    Dex: 16    Spells: 0 memorised, 12 levels left

rFire  . . .     SeeInvis .     S - +4 broad axe (chop)
rCold  . . .     Clarity  +     P - +0 plate armour {rPois}
rNeg   . . .     SustAt   .     w - +0 buckler
rPois  +         Gourm    .     H - +0 helmet
rElec  .         Spirit   .     (no cloak)
rCorr  .         Warding  .     (no gloves)
rMut   .         Stasis   .     (no boots)
MR     +++..                    v - amulet of clarity
Stlth  ..........               V - ring of stealth
                                a - +1 ring of protection

@: exhausted, regenerating, slowed, very slow, extremely resistant to hostile
enchantments, extremely unstealthy
A: talons 2, iridescent scales 1, clever 1, magic resistance 1, mutation
resistance 1, robust 1, slow regeneration 1, spiny 3, rot immunity
a: Berserk, Trog's Hand, Brothers in Arms, Burn Spellbooks, Renounce Religion


You were in an ice cave.
You worshipped Trog.
Trog was exalted by your worship.
You were not hungry.

You visited 1 branch of the dungeon, and saw 15 of its levels.
You also visited: Ice Cave.

You collected 938 gold pieces.

Inventory:

Hand Weapons
 j - a +2 whip of flaming
 S - a +4 broad axe of chopping (weapon)
Armour
 w - a +0 buckler (worn)
 H - a +0 helmet (worn)
 L - a +0 shield
 P - a +0 plate armour of poison resistance (worn)
Rods
 G - a +2 iron rod (13/13)
   (You found it on level 5 of the Dungeon)
Jewellery
 a - a +1 ring of protection (left hand)
 u - an uncursed ring of fire
 v - an amulet of clarity (around neck)
 A - an uncursed ring of flight
 V - a ring of stealth (right hand)
Wands
 i - a wand of fire (13)
 y - a wand of draining (6)
 D - a wand of cold (7)
 I - a wand of slowing (37)
 O - a wand of teleportation (7)
Scrolls
 e - 4 scrolls of fog
 h - 2 scrolls of recharging
 k - 6 scrolls of remove curse
 o - a scroll of magic mapping
 t - a scroll of torment
 z - 7 scrolls of teleportation
 N - 3 scrolls of identify
 T - a scroll of fear
 U - a scroll of enchant armour
Potions
 b - a potion of might
 d - 2 potions of lignification
 g - a potion of agility {unknown}
 m - a potion of cure mutation {unknown}
 p - a potion of magic
 r - 3 potions of brilliance
 s - a potion of haste
 x - 2 potions of flight
 B - 3 potions of curing
 J - a potion of berserk rage
Books
 l - a book of the Warp

   Spells                             Type                      Level
   a - Recall                         Summoning/Translocation      3
   b - Gell's Gravitas                Hexes/Translocation          3
   c - Force Lance                    Conjuration/Translocation    4
   d - Phase Shift                    Translocation                5
   e - Warp Weapon                    Charms/Translocation         5
   f - Summon Forest                  Summoning/Translocation      5
   Trog disapproves of the use of such an item.
 n - a book of the Sky

   Spells                             Type                      Level
   a - Summon Lightning Spire         Summoning/Air                4
   b - Airstrike                      Air                          4
   c - Silence                        Hexes/Air                    5
   d - Deflect Missiles               Charms/Air                   6
   e - Conjure Ball Lightning         Conjuration/Air              6
   f - Tornado                        Air                          9
   Trog disapproves of the use of such an item.
 q - a book of Power

   Spells                             Type                      Level
   a - Fulminant Prism                Conjuration/Hexes            4
   b - Iskenderun's Mystic Blast      Conjuration                  4
   c - Venom Bolt                     Conjuration/Poison           5
   d - Bolt of Magma                  Conjuration/Fire/Earth       5
   e - Iron Shot                      Conjuration/Earth            6
   f - Orb of Destruction             Conjuration                  7
   g - Spellforged Servitor           Conjuration/Summoning        7
   Trog disapproves of the use of such an item.
 F - a book of Air

   Spells                             Type                      Level
   a - Shock                          Conjuration/Air              1
   b - Swiftness                      Charms/Air                   2
   c - Repel Missiles                 Charms/Air                   2
   d - Static Discharge               Conjuration/Air              3
   e - Lightning Bolt                 Conjuration/Air              5
   Trog disapproves of the use of such an item.
 Q - a book of Transfigurations

   Spells                             Type                      Level
   a - Stoneskin                      Transmutation/Earth          2
   b - Irradiate                      Conjuration/Transmutation    5
   c - Statue Form                    Transmutation/Earth          6
   d - Hydra Form                     Transmutation                6
   e - Dragon Form                    Transmutation                7
   Trog disapproves of the use of such an item.
Miscellaneous
 E - an ornate deck of summoning {drawn: 1}
Comestibles
 c - 7 bread rations
 f - a meat ration
 C - 4 slices of pizza
 M - 9 fruits
 R - 3 royal jellies


   Skills:
 + Level 10.0 Fighting
 * Level 8.0(10.3) Axes
 - Level 10.1(11.2) Maces & Flails
 + Level 9.0 Armour
 + Level 9.1 Dodging
 + Level 6.8 Shields
 - Level 7.9 Evocations


You had 12 spell levels left.
You didn't know any spells.

Dungeon Overview and Level Annotations

Branches:
Dungeon (15/15)            Temple (0/1) D:6            Lair (0/8) D:9
    Orc (0/4) D:10         Vaults (0/5) D:14         Depths (0/5) D:15

Altars:
Okawaru
Qazlal
Sif Muna
Xom
Yredelemnul
Zin

Shops:
D:11 %   D:14 }

Annotations:
D:5 1 runed door


Innate Abilities, Weirdness & Mutations

You have razor-sharp toenails.
You are partially covered in iridescent scales (AC +4).
You are completely covered in sharp spines.
You are immune to rotting.
Your mind is acute. (Int +2)
You are resistant to hostile enchantments.
You are somewhat resistant to further mutation.
You are robust (+10% HP).
You regenerate slowly when monsters are visible.


Message History

The wolf simulacrum is struck by your spines.
The wolf simulacrum closely misses you.
The wolf simulacrum is struck by your spines.
The wolf simulacrum vapourises!
There is an ice covered gate leading back out of this place here.
You're too exhausted to go berserk.
The polar bear simulacrum bites you but does no damage.
The polar bear simulacrum barely misses you.
The polar bear simulacrum claws you but does no damage.
Read which item? (? for menu, Esc to quit)
As you read the scroll labeled DUFUPR TIADO, it crumbles to dust.
The creatures around you are filled with an inner flame!
It was a scroll of immolation.
The death yak simulacrum is struck by your spines.
The death yak simulacrum gores you. The death yak simulacrum freezes you!!!
* * * LOW HITPOINT WARNING * * *
The death yak simulacrum gores you.
* * * LOW HITPOINT WARNING * * *
The death yak simulacrum freezes you!!
You die...

#### ##
##..##
##..##....##
#..........#
.......∩.Z.#
..##.....Z@#
###...Z##
##..## ####


You could see 2 death yak simulacra and a polar bear simulacrum (inner flame).

Vanquished Creatures
  An azure jelly (D:15)
  A hydra (D:11)
  The ghost of bollicks1999 the Blocker, a journeyman MiFi of the Shining One (D:11)
  A centaur warrior (D:15)
  An orc high priest (D:14)
  The ghost of Malhgor the Cleaver, a novice DDFi of Makhleb (D:8)
  An iron troll (D:14)
  A wizard (D:13)
  2 unseen horrors
  A shadow wraith (D:14)
  Pikel (D:5)
  3 hill giants
  2 orc knights
  14 ugly things
  A griffon (D:12)
  A mana viper (shapeshifter) (D:13)
  2 manticores
  5 cyclopes
  3 centaur zombies
  A gargoyle (D:11)
  5 kobold demonologists
  A merfolk (D:11)
  3 trolls
  A two-headed ogre (D:8)
  5 yaks
  A centaur simulacrum (D:15)
  3 wraiths
  3 wyverns
  3 shadows
  3 deep elf magi
  4 vampire mosquitoes
  A spriggan (D:11)
  A basilisk (D:14)
  Grum (D:11)
  7 hippogriffs
  6 wolves
  A mottled dragon (D:14)
  A hungry ghost (D:12)
  Menkaure (D:6)
  3 wargs (D:9)
  A water moccasin (D:7)
  A swamp drake (D:10)
  2 soldier ants (D:5)
  A hornet simulacrum (D:15)
  4 sky beasts
  An eye of draining (D:14)
  3 phantoms
  13 orc warriors
  9 ice beasts
  3 slaves (D:5)
  8 centaurs
  A necrophage (D:10)
  5 ogres
  7 big kobolds
  14 giant frogs
  2 gnoll sergeants
  3 scorpions
  7 killer bees
  A water moccasin zombie (D:6)
  5 wights (D:13)
  A quasit (D:13)
  14 crimson imps
  A giant frog zombie (D:12)
  7 jellies
  9 orc priests
  11 orc wizards
  7 centaur skeletons
  3 giant frog skeletons
  4 hounds
  A wolf simulacrum (IceCv)
  6 iguanas
  7 sheep (D:13)
  11 worker ants
  A hound zombie (D:9)
  12 adders
  9 gnolls
  4 shadow imps
  4 white imps (D:15)
  An ufetubus (D:15)
  An adder zombie (D:6)
  An ooze (D:3)
  A worm (D:4)
  9 giant geckos
  62 orcs
  3 ball pythons
  4 bats
  12 giant cockroaches
  15 hobgoblins
  12 jackals
  A giant gecko skeleton (D:4)
  6 giant newts
  3 goblins
  A jackal skeleton (D:5)
  26 kobolds
  4 quokkas
  A quokka skeleton (D:5)
  4 rats
468 creatures vanquished.

Notes
Turn   | Place    | Note
--------------------------------------------------------------
     0 | D:1      | namelastname112 the Demonspawn Berserker began the quest for the Orb.
     0 | D:1      | Reached XP level 1. HP: 18/18 MP: 1/1
   208 | D:1      | Gained mutation: You are partially covered in sharp spines. [demonic ancestry]
   208 | D:1      | Reached XP level 2. HP: 24/24 MP: 2/2
   231 | D:1      | Gained mutation: You are mostly covered in sharp spines. [demonic ancestry]
   231 | D:1      | Reached XP level 3. HP: 25/29 MP: 3/3
   320 | D:1      | Reached ** piety under Trog
   517 | D:2      | Found a shimmering altar of Xom.
   520 | D:2      | Found a shimmering altar of Xom.
   533 | D:2      | Found a shimmering altar of Xom.
   554 | D:2      | Reached XP level 4. HP: 35/35 MP: 4/4
   769 | D:2      | Found a deep blue altar of Sif Muna.
   770 | D:2      | Found a stormy altar of Qazlal.
  1279 | D:3      | Found a glowing silver altar of Zin.
  1547 | D:4      | Reached skill level 4 in Maces & Flails
  1547 | D:4      | Reached XP level 5. HP: 23/41 MP: 5/5
  1859 | D:4      | Reached *** piety under Trog
  2171 | D:4      | Gained mutation: You are completely covered in sharp spines. [demonic ancestry]
  2171 | D:4      | Reached XP level 6. HP: 41/48 MP: 6/6
  2364 | D:5      | Entered Level 5 of the Dungeon
  2591 | D:5      | Found a runed door.
  2594 | D:5      | Found a runed door.
  2594 | D:5      | Noticed a soldier ant
  2594 | D:5      | Noticed a soldier ant
  2599 | D:5      | Reached skill level 5 in Maces & Flails
  2599 | D:5      | Reached skill level 1 in Evocations
  2600 | D:5      | Reached XP level 7. HP: 47/54 MP: 7/7
  2613 | D:5      | Killed a soldier ant
  2623 | D:5      | Killed a soldier ant
  2971 | D:5      | Noticed Pikel
  2997 | D:5      | Killed Pikel
  2997 | D:5      | Reached skill level 5 in Fighting
  2997 | D:5      | Reached skill level 6 in Maces & Flails
  2997 | D:5      | Gained mutation: You have sharp toenails. [demonic ancestry]
  2997 | D:5      | Reached XP level 8. HP: 44/62 MP: 8/10
  3575 | D:6      | Noticed Menkaure
  3584 | D:6      | Killed Menkaure
  3585 | D:6      | Reached **** piety under Trog
  3595 | D:6      | Reached skill level 7 in Maces & Flails
  3804 | D:6      | Gained mutation: You are partially covered in iridescent scales (AC +4). [demonic ancestry]
  3804 | D:6      | Reached XP level 9. HP: 66/69 MP: 11/11
  4029 | D:6      | Found a staircase to the Ecumenical Temple.
  4345 | D:7      | Reached skill level 5 in Armour
  4894 | D:7      | Reached skill level 5 in Dodging
  5274 | D:8      | Noticed Malhgor's ghost (novice DDFi)
  5289 | D:8      | Killed Malhgor's ghost
  5289 | D:8      | Reached skill level 8 in Maces & Flails
  5289 | D:8      | Reached skill level 1 in Shields
  5358 | D:8      | Found a basalt altar of Yredelemnul.
  5465 | D:8      | Reached skill level 5 in Evocations
  5518 | D:9      | Gained mutation: You are immune to rotting. [demonic ancestry]
  5518 | D:9      | Reached XP level 10. HP: 65/77 MP: 13/13
  5606 | D:9      | Received a gift from Trog
  5810 | D:9      | Reached ***** piety under Trog
  6030 | D:9      | Found a staircase to the Lair.
  6666 | D:10     | Entered Level 10 of the Dungeon
  6992 | D:10     | Reached skill level 9 in Maces & Flails
  7018 | D:10     | Found a staircase to the Orcish Mines.
  7503 | D:10     | Noticed an orc knight
  7522 | D:10     | Killed an orc knight
  7750 | D:10     | Received a gift from Trog
  7920 | D:11     | Found Taqel's Food Shop.
  8010 | D:11     | Noticed bollicks1999's ghost (journeyman MiFi)
  8044 | D:11     | Killed bollicks1999's ghost
  8044 | D:11     | Reached XP level 11. HP: 43/84 MP: 15/15
  8380 | D:11     | Noticed a four-headed hydra
  8391 | D:11     | Killed a four-headed hydra
  8631 | D:11     | Noticed Grum
  8647 | D:11     | Killed Grum
  8926 | D:11     | Reached skill level 10 in Maces & Flails
  9205 | D:11     | Killed an unseen horror
  9205 | D:11     | Reached skill level 1 in Axes
  9986 | D:12     | Received a gift from Trog
 10076 | D:12     | Got a crystal battleaxe
 10077 | D:12     | Identified the cursed +2 battleaxe of Reapportionment {elec, -Tele Str+5 Dex+4} (You found it on level 12 of the Dungeon)
 10662 | D:12     | Reached XP level 12. HP: 65/94 MP: 17/17
 10727 | D:12     | Noticed a hill giant
 10735 | D:12     | Killed a hill giant
 10989 | D:13     | Found an iron altar of Okawaru.
 11029 | D:13     | Gained mutation: You are somewhat resistant to further mutation. [potion of mutation]
 11029 | D:13     | Gained mutation: You regenerate slowly when monsters are visible. [potion of mutation]
 11054 | D:13     | Gained mutation: You are resistant to hostile enchantments. [mutagenic meat]
 11056 | D:13     | Gained mutation: You are robust (+10% HP). [mutagenic meat]
 11140 | D:13     | Reached skill level 5 in Shields
 11548 | D:13     | Gained mutation: Your mind is acute. (Int +2) [mutagenic meat]
 11843 | D:13     | Reached ****** piety under Trog
 11914 | D:13     | Reached skill level 5 in Axes
 12887 | D:14     | Gained mutation: You have razor-sharp toenails. [demonic ancestry]
 12887 | D:14     | Reached XP level 13. HP: 105/111 MP: 18/18
 13027 | D:14     | Found a gate to the Vaults.
 13414 | D:14     | Found Timoo's Gadget Emporium.
 13587 | D:15     | Entered Level 15 of the Dungeon
 13609 | D:15     | Received a gift from Trog
 13847 | D:15     | Reached skill level 10 in Fighting
 13851 | D:15     | Noticed an azure jelly
 13859 | D:15     | Killed an azure jelly
 13867 | D:15     | Found a frozen archway.
 13873 | IceCv    | Entered an ice cave
 13881 | IceCv    | Slain by a death yak simulacrum

Action                   |  1- 3 |  4- 6 |  7- 9 | 10-12 | 13-15 || total
-------------------------+-------+-------+-------+-------+-------++-------
Melee: Mace              |    47 |    66 |    35 |       |       ||   148
       Whip              |       |       |   141 |   387 |       ||   528
       Broad axe         |       |       |       |   261 |   113 ||   374
Invok: Trog's Hand       |     2 |       |     1 |     1 |     3 ||     7
       Berserk           |       |       |     2 |    13 |     4 ||    19
       Burn Spellbooks   |       |       |     1 |       |       ||     1
Evoke: Deck              |       |       |       |     1 |       ||     1
  Use: Scroll            |       |       |       |    28 |     2 ||    30
       Potion            |       |       |       |     2 |       ||     2
 Stab: Sleeping          |       |     2 |       |       |       ||     2
  Eat: Chunk             |       |     4 |     9 |    24 |     1 ||    38
       Beef jerky        |       |       |     1 |     2 |       ||     3
       Royal jelly       |       |       |     1 |       |       ||     1
       Meat ration       |       |       |       |     3 |     1 ||     4
       Pizza             |       |       |       |     2 |       ||     2
       Bread ration      |       |       |       |       |     1 ||     1
